 Dungeon Crawl Stone Soup version 0.18.1-48-g4cf74bf (webtiles) character file.

120986 Gargoyl the Tortoise (level 16, -14/139 HPs)
             Began as a Demonspawn Abyssal Knight on Aug 25, 2016.
             Was the Champion of Lugonu.
             Killed from afar by an Ice Fiend (20 damage)
             ... with a bolt of cold
             ... in an ice cave.
             The game lasted 01:26:02 (32235 turns).

Gargoyl the Tortoise (Demonspawn Abyssal Knight)   Turns: 32235, Time: 01:26:03

Health: -14/139    AC: 32    Str: 18      XL:     16   Next: 31%
Magic:  3/18       EV: 10    Int: 11 (12) God:    Lugonu [******]
Gold:   619        SH: 17    Dex: 18 (19) Spells: 0 memorised, 15 levels left

rFire  . . .     SeeInvis +     e - +2 hand axe (flame)
rCold  . . .     Gourm    .     n - +3 plate armour
rNeg   . . .     Faith    .     Y - +4 shield
rPois  +         Spirit   .     (helmet unavailable)
rElec  .         Dismiss  .     C - +2 cloak
rCorr  .         Reflect  .     u - +2 pair of gloves
SustAt .         Harm     .     S - +2 pair of boots
MR     +....     Rnd*Rage +     w - amulet of regeneration
Stlth  ..........               H - +5 ring of dexterity
                                d - ring of poison resistance

@: about to teleport, very slightly contaminated, studying Shields, somewhat
resistant to hostile enchantments, extremely unstealthy
A: antennae 3, molten scales 1, berserk 1, deterioration 1, dopey 1, low mp 1,
robust 1, spiny 3, wild magic 1, rot immunity
a: Depart the Abyss, Bend Space, Banish, Corrupt, Enter the Abyss, Brand Weapon
With Distortion, Renounce Religion


You were in an ice cave.
You worshipped Lugonu.
Lugonu was exalted by your worship.
You were hungry.

You visited 4 branches of the dungeon, and saw 26 of its levels.
You visited the Abyss 1 time.
You also visited: Labyrinth, Sewer and Ice Cave.

You collected 2976 gold pieces.
You spent 2331 gold pieces at shops.

Inventory:

Hand Weapons
 e - a +2 hand axe of flaming (weapon)
 o - a +9 hand axe of venom
 z - a +0 war axe
Missiles
 q - 56 tomahawks
 I - 6 javelins (quivered)
Armour
 n - a +3 plate armour (worn)
 u - a +2 pair of gloves (worn)
 C - a +2 cloak (worn)
 S - a +2 pair of boots (worn)
 Y - a +4 shield (worn)
Jewellery
 d - a ring of poison resistance (left hand)
 l - a +4 ring of slaying
 w - an amulet of regeneration (around neck)
 x - an uncursed ring of sustain attributes
 H - a +5 ring of dexterity (right hand)
 J - an uncursed ring of positive energy
Wands
 j - a wand of teleportation (3/9)
 t - a wand of digging (12/24)
 y - a wand of slowing (20/48)
 G - a wand of iceblast (5/15)
 L - a wand of iceblast (13/15)
 N - a wand of heal wounds (0/9)
 O - a wand of lightning (6/15)
 X - a wand of lightning (0/15)
Scrolls
 f - 16 scrolls of remove curse
 g - 6 scrolls of fear
 i - a scroll of blinking
 F - a scroll of fog
 K - 2 scrolls of identify
Potions
 a - a potion of berserk rage
 h - 2 potions of might
 m - 3 potions of flight
 r - 5 potions of brilliance
 s - 3 potions of cancellation
 D - 4 potions of agility
 Q - a potion of magic
 V - 3 potions of curing
Books
 p - a manual of Shields
Miscellaneous
 U - a legendary deck of wonders {drawn: 3}
Comestibles
 b - 9 beef jerkies
 c - 13 bread rations
 v - 7 meat rations
 A - 5 fruits
 B - a slice of pizza
 E - 2 royal jellies


   Skills:
 + Level 11.9 Fighting
   Level 2.0 Long Blades
 + Level 12.9 Axes
 + Level 1.0 Throwing
 * Level 16.9 Armour
 + Level 6.7 Dodging
 + Level 3.6 Stealth
 + Level 11.3 Shields
 + Level 6.7 Invocations
 + Level 1.5 Evocations


You had 15 spell levels left.
You didn't know any spells.

Dungeon Overview and Level Annotations

Branches:
Dungeon (12/15)            Temple (0/1) D:5            Lair (8/8) D:8
 Shoals (0/4) Lair:5        Snake (4/4) Lair:3        Slime (0/6) Lair:6
    Orc (2/2) D:9             Elf (0/3) Orc:2

Altars:
Ashenzari
Dithmenos
Fedhas
Gozag
Makhleb
Nemelex Xobeh
Okawaru
Qazlal
Ru
Sif Muna
Trog
Vehumet
Xom
Yredelemnul
Zin
The Shining One
Beogh

Shops:
Orc:2 :%[%}

Portals:
Pandemonium: Orc:2

Annotations:
Snake:4 Nikola


Innate Abilities, Weirdness & Mutations

You have a pair of large antennae on your head (SInv).
You are partially covered in molten scales (AC +1).
You are completely covered in sharp spines.
You are immune to rotting.
You tend to lose your temper in combat.
Your body sometimes deteriorates upon taking damage.
You are dopey. (Int -2)
Your magical capacity is low (-10% MP).
You are robust (+10% HP).
Your spells are a little harder to cast, but a little more powerful.


Message History

The Ice Fiend misses you. You block the Ice Fiend's attack.
Press: ? - help, Shift-Dir - straight line, f/p - Ice Fiend
Aim: an Ice Fiend (magic immune)
The Ice Fiend is unaffected.
You are feeling hungry.
The Ice Fiend calls on the powers of darkness!
Your body is wracked with pain!
* * * LOW HITPOINT WARNING * * *
Read which item? (? for menu, Esc to quit)
Blink to where?
Press: ? - help, Dir - move target cursor, p - Ice Fiend You are very lightly contaminated with residual magic.
As you read the scroll of blinking, it crumbles to dust.
Found 40 gold pieces.
Read which item? (? for menu, Esc to quit)
As you read the scroll of teleportation, it crumbles to dust.
You feel strangely unstable. The Ice Fiend gestures at you.
The bolt of cold hits you!
You die...

.## #..### ##≈≈#≈#≈ ##
##..####≈≈≈≈≈≈≈
##..###≈≈≈≈≈≈≈≈≈ #..###
≈≈≈≈#≈≈#
##.≈≈####≈≈≈#####
####≈≈#≈≈≈##...### {
##≈≈≈≈#≈..##..##
###≈≈≈#≈≈.#####..# Z
#≈≈≈#######@.#{4########
14 ≈≈≈≈≈≈≈##
#$#.1#..{##{{Z##{4Z
#######
#$########{..##{{Z# #.#
########## ##


You could see an Ice Fiend.

Vanquished Creatures
  Donald (Orc:2)
  Nessos (Lair:6)
  The ghost of droidenko the Severer, a journeyman HOFi of Okawaru (Lair:3)
  Azrael (Orc:1)
  A minotaur (Lab)
  The ghost of Freud88 the Fencer, a journeyman MiFi of the Shining One (D:11)
  7 naga warriors
  13 anacondas
  Erolcha (D:8)
  6 orc high priests (Orc:2)
  5 death yaks (Lair:8)
  4 shock serpents
  6 naga sharpshooters
  A soul eater (Orc:2)
  Sonja (Orc:2)
  A salamander mystic (Snake:3)
  A fire crab (Lair:8)
  A torturous demonspawn (Orc:1)
  An infernal demonspawn (Orc:2)
  2 naga ritualists
  A hill giant (D:10)
  2 putrid demonspawn (Orc:2)
  6 orc sorcerers
  A wolf spider (Lair:8)
  6 orc knights
  7 mana vipers
  A deep elf mage (D:12)
  7 oklob plants (Lair:8)
  A griffon (Lair:6)
  A hornet (Lair:8)
  9 salamanders
  An ugly thing (D:11)
  A sixfirhy (Orc:2)
  A guardian serpent (Lair:8)
  30 black mambas
  4 elephants (Lair:7)
  An ice statue (IceCv)
  The ghost of Freud88 the Skirmisher, a novice VSFi (D:7)
  A gargoyle (D:10)
  5 naga magi
  10 spiny frogs
  3 rime drakes
  6 komodo dragons
  A freezing wraith (IceCv)
  An anaconda simulacrum (IceCv)
  5 ice devils (IceCv)
  A golden dragon simulacrum (IceCv)
  2 merfolk (Lair:5)
  A troll (Orc:2)
  3 two-headed ogres
  A queen bee (D:8)
  13 blink frogs
  2 slime creatures (Lair:6)
  2 boulder beetles (Lair:8)
  A dire elephant simulacrum (IceCv)
  2 redbacks
  7 wyverns
  38 yaks
  2 fire elementals (Orc:1)
  3 basilisks
  A neqoxec (Orc:2)
  Grum (D:10)
  7 hungry ghosts
  2 steam dragons
  10 hippogriffs
  A chaos spawn (Orc:2)
  3 wargs
  An iron troll simulacrum (IceCv)
  35 nagas
  3 harpy simulacra (IceCv)
  Duvessa (D:4)
  24 water moccasins
  22 porcupines
  3 hell hounds
  A hydra simulacrum (IceCv)
  40 orc warriors
  A black bear (Lair:4)
  3 phantoms
  2 ice beasts
  2 alligator simulacra (IceCv)
  A sky beast (D:7)
  5 wasps
  An ettin simulacrum (IceCv)
  7 ogres
  4 wolves (D:10)
  8 necrophages
  8 centaurs
  10 crocodiles
  15 big kobolds
  21 giant frogs
  Dowan (D:4)
  A water moccasin zombie (D:12)
  19 killer bees (D:8)
  3 scorpions
  5 wights (D:6)
  4 electric eels (Lair:3)
  7 howler monkeys
  5 crimson imps
  3 draconian simulacra (IceCv)
  6 jellies
  6 hounds
  A quasit (D:11)
  A giant frog zombie (D:12)
  A centaur zombie (D:9)
  5 centaur skeletons
  20 orc wizards
  30 orc priests
  5 iguanas
  A gnoll shaman (Orc:2)
  3 giant frog skeletons
  15 worker ants
  A statue (D:4)
  A polar bear simulacrum (IceCv)
  2 troll simulacra (IceCv)
  2 wolf simulacra (IceCv)
  11 sheep
  2 hound zombies
  2 hound skeletons (D:4)
  3 gnolls (Orc:2)
  An ogre simulacrum (IceCv)
  17 adders
  4 naga simulacra (IceCv)
  40 river rats
  6 white imps (IceCv)
  5 ufetubi (IceCv)
  2 oozes
  An adder skeleton (D:8)
  2 worms
  4 giant geckos
  90 orcs
  10 giant cockroaches
  13 hobgoblins
  3 jackals (D:2)
  29 kobolds
  4 quokkas
  3 ball pythons
  11 bats
  8 giant newts
  7 goblins
  A jackal skeleton (D:4)
  A quokka skeleton (D:9)
  A quokka zombie (D:6)
  12 rats
  A spectral orc (D:5)
  4 fungi
  6 plants
942 creatures vanquished.

Vanquished Creatures (collateral kills)
  Rupert (Lair:4)
  6 elephants (Lair:4)
  3 wolves (Lair:4)
  2 river rats (Lair:4)
  2 fungi (Lair:4)
14 creatures vanquished.

Vanquished Creatures (others)
  The ghost of Peloso the Peltast, a journeyman MiFi of Okawaru (Orc:2)
  5 hydras
  A death yak (Lair:8)
  A golden dragon simulacrum (IceCv)
  A hydra simulacrum (IceCv)
  5 river rats (Lair:4)
  An orc (D:4)
  A bush (Lair:8)
  23 fungi
  18 plants
57 creatures vanquished.

Grand Total: 1013 creatures vanquished

Notes
Turn   | Place    | Note
--------------------------------------------------------------
     0 | Abyss:1  | Gargoyl the Demonspawn Abyssal Knight began the quest for the Orb.
     0 | Abyss:1  | Reached XP level 1. HP: 18/18 MP: 2/2
    21 | Abyss:2  | Found a corrupted altar of Lugonu.
    69 | Abyss:2  | Got a transparent mace
    77 | Abyss:2  | Noticed a smoke demon
    78 | Abyss:2  | Noticed a smoke demon
    78 | D:1      | Escaped the Abyss
    98 | D:1      | Reached skill level 1 in Dodging
   170 | D:1      | Gained mutation: You have a pair of small antennae on your head. [demonic ancestry]
   170 | D:1      | Reached XP level 2. HP: 21/24 MP: 3/3
   319 | D:1      | Reached * piety under Lugonu
   685 | D:2      | Reached skill level 2 in Armour
   709 | D:2      | Gained mutation: You are immune to rotting. [demonic ancestry]
   709 | D:2      | Reached XP level 3. HP: 25/29 MP: 4/4
  1229 | D:2      | Reached ** piety under Lugonu
  1246 | D:2      | Gained mutation: You are partially covered in molten scales (AC +1). [demonic ancestry]
  1246 | D:2      | Reached XP level 4. HP: 33/36 MP: 5/5
  1528 | D:2      | Found a shimmering altar of Xom.
  1861 | D:3      | Found a glowing golden altar of the Shining One.
  1887 | D:3      | Reached skill level 3 in Armour
  2256 | D:3      | Found a bloodstained altar of Trog.
  2294 | D:4      | Noticed Duvessa
  2294 | D:4      | Noticed Dowan
  2313 | D:3      | Gained mutation: You are partially covered in sharp spines. [demonic ancestry]
  2313 | D:3      | Reached XP level 5. HP: 21/42 MP: 6/6
  2473 | D:4      | Killed Duvessa
  2473 | D:4      | Reached XP level 6. HP: 48/48 MP: 7/7
  2477 | D:4      | Killed Dowan
  2477 | D:4      | Reached skill level 4 in Armour
  2484 | D:4      | Found a sparkling altar of Nemelex Xobeh.
  2528 | D:4      | Reached *** piety under Lugonu
  2620 | D:4      | Found a glowing silver altar of Zin.
  2647 | D:4      | Reached XP level 7. HP: 48/54 MP: 8/8
  2789 | D:4      | Reached skill level 5 in Armour
  3454 | D:4      | Found a radiant altar of Vehumet.
  3545 | D:4      | Found a shattered altar of Ashenzari.
  3615 | D:5      | Entered Level 5 of the Dungeon
  3652 | D:5      | Found a staircase to the Ecumenical Temple.
  3800 | D:5      | Found a deep blue altar of Sif Muna.
  3945 | D:5      | Found a stormy altar of Qazlal.
  4079 | D:5      | Reached XP level 8. HP: 61/61 MP: 9/9
  4087 | D:5      | Found a basalt altar of Yredelemnul.
  4306 | D:6      | Reached skill level 6 in Armour
  4306 | D:6      | Reached skill level 1 in Stealth
  4335 | D:6      | Reached **** piety under Lugonu
  4342 | D:6      | Found a blossoming altar of Fedhas.
  4366 | D:6      | Reached skill level 5 in Fighting
  4657 | D:6      | Identified the Tome of Cold
  4778 | D:6      | Found a glowing drain.
  4785 | Sewer    | Entered a sewer
  4821 | Sewer    | Reached skill level 7 in Armour
  4890 | Sewer    | Reached skill level 5 in Axes
  4959 | Sewer    | Gained mutation: You are mostly covered in sharp spines. [demonic ancestry]
  4959 | Sewer    | Reached XP level 9. HP: 69/69 MP: 10/10
  5013 | Sewer    | Reached ***** piety under Lugonu
  5176 | D:6      | Found a burning altar of Makhleb.
  5644 | D:7      | Found an iron altar of Okawaru.
  5761 | D:7      | Reached skill level 8 in Armour
  5904 | D:7      | Noticed Freud88's ghost (novice VSFi)
  5922 | D:7      | Killed Freud88's ghost
  6331 | D:7      | Reached skill level 5 in Dodging
  6417 | D:7      | Reached skill level 9 in Armour
  6708 | D:8      | Got a translucent hand axe
  6709 | D:8      | Identified the +2 hand axe of a bazaar {holy, -Tele +Rage rElec MP+9} (You found it on level 8 of the Dungeon)
  6726 | D:8      | Noticed a queen bee
  6738 | D:8      | Gained mutation: You have a pair of antennae on your head. [demonic ancestry]
  6738 | D:8      | Reached XP level 10. HP: 65/77 MP: 11/11
  7007 | D:8      | Found a staircase to the Lair.
  7034 | D:8      | Found a shadowy altar of Dithmenos.
  7376 | D:8      | Noticed Erolcha
  7386 | D:8      | Killed Erolcha
  7386 | D:8      | Reached skill level 10 in Armour
  7810 | D:8      | Reached ****** piety under Lugonu
  7980 | D:8      | Found a sacrificial altar of Ru.
  8209 | D:9      | Found a staircase to the Orcish Mines.
  8517 | D:9      | Reached XP level 11. HP: 44/84 MP: 12/12
  9286 | D:8      | Reached skill level 11 in Armour
  9296 | Lair:1   | Entered Level 1 of the Lair of Beasts
  9480 | Lair:1   | Identified the Almanac of Confrontation and the Traveller
 11138 | Lair:3   | Noticed droidenko's ghost (journeyman HOFi)
 11393 | Lair:2   | Gained mutation: Your spells are a little harder to cast, but a little more powerful. [potion of beneficial mutation]
 11462 | Lair:3   | HP: 3/86 [droidenko's ghost (19)]
 11462 | Lair:3   | HP: 1/86 [droidenko's ghost (2)]
 11469 | Lair:3   | Killed droidenko's ghost
 11469 | Lair:3   | Reached skill level 12 in Armour
 11799 | Lair:3   | Noticed a six-headed hydra
 11802 | Lair:3   | Banished a six-headed hydra
 12536 | Lair:3   | Found a staircase to the Snake Pit.
 13042 | Lair:3   | Noticed an eight-headed hydra
 13044 | Lair:3   | Banished an eight-headed hydra
 13044 | Lair:3   | Reached XP level 12. HP: 85/93 MP: 9/14
 13760 | Lair:4   | Reached skill level 13 in Armour
 13857 | Lair:4   | Paralysed by Rupert for 5 turns
 13858 | Lair:4   | Noticed Rupert
 13866 | Lair:4   | Killed Rupert
 14683 | Lair:4   | Noticed an eight-headed hydra
 14689 | Lair:4   | Banished an eight-headed hydra
 15477 | Lair:5   | Found a staircase to the Shoals.
 15821 | Lair:5   | Reached skill level 1 in Long Blades
 16166 | Lair:6   | Reached skill level 14 in Armour
 16230 | Lair:6   | Reached skill level 5 in Invocations
 16470 | Lair:6   | Found a staircase to the Slime Pits.
 16615 | Lair:6   | Noticed Nessos
 17280 | Lair:6   | Gained mutation: You are completely covered in sharp spines. [demonic ancestry]
 17280 | Lair:6   | Reached XP level 13. HP: 101/101 MP: 16/16
 17573 | Lair:6   | Killed Nessos
 17844 | Lair:7   | Found a labyrinth entrance.
 17901 | Lab      | Entered a labyrinth
 18119 | Lab      | Reached skill level 1 in Shields
 18387 | Lab      | Noticed a minotaur
 18398 | Lab      | Killed a minotaur
 18410 | Lab      | Identified the Reference Book on Self-Improvement and Creation
 18410 | Lab      | Got a pitted pewter ring
 19296 | Lair:8   | Entered Level 8 of the Lair of Beasts
 19319 | Lair:8   | Reached skill level 15 in Armour
 19327 | Lair:8   | Reached skill level 10 in Axes
 20367 | Lair:8   | Reached skill level 10 in Fighting
 20373 | Lair:8   | Gained mutation: You have a pair of large antennae on your head (SInv). [demonic ancestry]
 20373 | Lair:8   | Reached XP level 14. HP: 98/110 MP: 18/18
 20902 | Lair:8   | Identified the ring of Attitude {rPois MP+9 Str-4 Int+7} (You found it in a labyrinth)
 21768 | Lair:8   | Reached skill level 1 in Evocations
 22116 | Orc:1    | Entered Level 1 of the Orcish Mines
 22254 | Orc:1    | Found a roughly hewn altar of Beogh.
 22816 | Orc:2    | Entered Level 2 of the Orcish Mines
 22826 | Orc:2    | Found a roughly hewn altar of Beogh.
 22844 | Orc:2    | Noticed Donald
 22865 | Orc:2    | Killed Donald
 22978 | Orc:2    | Found a staircase to the Elven Halls.
 23008 | Orc:2    | Noticed Peloso's ghost (journeyman MiFi)
 23221 | D:10     | Entered Level 10 of the Dungeon
 23306 | D:10     | Reached skill level 5 in Shields
 23601 | D:10     | Noticed Grum
 23620 | D:10     | Killed Grum
 23903 | D:11     | Found an opulent altar of Gozag.
 24181 | D:11     | Noticed Freud88's ghost (journeyman MiFi)
 24247 | D:11     | Killed Freud88's ghost
 25090 | Orc:2    | Banished Peloso's ghost
 25102 | Orc:2    | Noticed Azrael
 25219 | Orc:1    | HP: 3/111 [Azrael/damnation (44)]
 25234 | Orc:1    | Killed Azrael
 25610 | Orc:2    | Noticed Sonja
 25622 | Orc:2    | Killed Sonja
 25661 | Orc:2    | Reached skill level 16 in Armour
 25815 | Orc:2    | Found Douh's Gadget Shop.
 25972 | Orc:2    | Found Ynimahos's Food Boutique.
 25977 | Orc:2    | Found Ituadu's Food Shop.
 26048 | Orc:1    | Reached skill level 1 in Throwing
 26318 | Orc:2    | Gained mutation: You are robust (+10% HP). [a neqoxec]
 26660 | Orc:2    | Reached XP level 15. HP: 107/128 MP: 20/20
 26664 | Orc:2    | Gained mutation: Your body sometimes deteriorates upon taking damage. [a neqoxec]
 27355 | Orc:2    | Found Neinyso's Book Emporium.
 27355 | Orc:2    | Found Daseocsata's Antique Armour Shoppe.
 27355 | Orc:2    | Found a one-way gate leading to the halls of Pandemonium.
 27359 | Orc:2    | Bought a spiked plate armour for 896 gold pieces
 27369 | Orc:2    | Identified the +1 plate armour "Gutuext" {rC+ MP+9} (You bought it in a shop on level 2 of the Orcish Mines)
 27394 | Orc:2    | Bought a manual of Shields for 1435 gold pieces
 27864 | Snake:1  | Entered Level 1 of the Snake Pit
 28941 | Snake:2  | Got a vibrating bone amulet
 28946 | Snake:2  | Identified the amulet of Temperance {Faith Str+3} (You found it on level 2 of the Snake Pit)
 29477 | Snake:2  | You fall through a shaft!
 29840 | Snake:2  | Reached skill level 10 in Shields
 30251 | Snake:3  | Reached XP level 16. HP: 116/139 MP: 12/21
 30602 | Snake:3  | Gained mutation: You tend to lose your temper in combat. [potion of mutation]
 30602 | Snake:3  | Gained mutation: Your magical capacity is low (-10% MP). [potion of mutation]
 30602 | Snake:3  | Gained mutation: You are dopey. (Int -2) [potion of mutation]
 30812 | Snake:4  | Entered Level 4 of the Snake Pit
 31110 | Snake:4  | Found a frozen archway.
 31146 | Snake:4  | Noticed Nikola
 31191 | IceCv    | Entered an ice cave
 32180 | IceCv    | Noticed an Ice Fiend
 32233 | IceCv    | HP: 5/139 [??? (3)]
 32235 | IceCv    | Killed from afar by an Ice Fiend

Skill      XL: |  1  2  3  4  5  6  7  8  9 10 11 12 13 14 15 16 |
---------------+-------------------------------------------------+-----
Dodging        | 1 2 3 4 5 6 |  6.7
Axes           | 2 3 4 5 7 8 9 10 11 12 | 12.9
Armour         | 2 3 4 5 7 9 10 12 14 15 16 | 16.9
Fighting       | 4 5 6 7 8 9 10 11 | 11.9
Stealth        | 1 2 3 |  3.6
Invocations    | 5 6 |  6.7
Long Blades    | 2 |  2.0
Shields        | 3 6 10 11 | 11.3
Evocations     | 1 |  1.5
Throwing       | 1 |  1.0

Action                   |  1- 3 |  4- 6 |  7- 9 | 10-12 | 13-15 | 16-18 || total
-------------------------+-------+-------+-------+-------+-------+-------++-------
Melee: Hand axe          |   127 |   150 |   241 |   498 |  1563 |   310 ||  2889
       Triple sword      |       |       |       |    45 |       |       ||    45
Throw: Javelin           |       |       |       |     3 |     8 |     1 ||    12
Invok: Depart the Abyss  |     1 |       |       |       |       |       ||     1
       Banish            |       |       |       |     6 |    10 |     6 ||    22
       Bend Space        |       |       |       |     1 |       |       ||     1
Evoke: Deck              |       |       |       |     1 |     2 |       ||     3
       Wand              |       |       |       |       |    30 |     2 ||    32
  Use: Scroll            |       |       |    22 |    15 |    22 |     7 ||    66
       Potion            |       |       |     1 |    20 |     9 |     3 ||    33
 Stab: Invisible         |       |       |     1 |       |    13 |       ||    14
       Distracted        |       |       |       |     1 |       |       ||     1
  Eat: Chunk             |     1 |     4 |    15 |    19 |    39 |       ||    78
       Fruit             |       |       |     3 |    10 |     1 |    11 ||    25
       Royal jelly       |       |       |       |     2 |     4 |       ||     6
       Pizza             |       |       |       |     2 |     1 |       ||     3
       Meat ration       |       |       |       |       |     1 |       ||     1
Armor: Scale mail        |    80 |    61 |       |       |       |       ||   141
       Leather armour    |     1 |       |       |       |       |       ||     1
       Chain mail        |       |    50 |   104 |       |       |       ||   154
       Plate armour      |       |       |    64 |   408 |   786 |   133 ||  1391
Dodge: Dodged            |    63 |    76 |    91 |   237 |   328 |    57 ||   852
Block: Shield            |       |       |       |       |   886 |   200 ||  1086
